 Dungeon Crawl Stone Soup version 0.17.1-1-g73c8601 (webtiles) character file.

1411 shmeve the Shield-Bearer (level 9, -6/69 HPs)
             Began as a Formicid Fighter on Apr 18, 2016.
             Was a Believer of Okawaru.
             Killed from afar by a white imp (8 damage)
             ... with a puff of frost
             ... on level 6 of the Dungeon.
             The game lasted 00:13:15 (3889 turns).

shmeve the Shield-Bearer (Formicid Fighter)         Turns: 3889, Time: 00:13:16

Health: -6/69      AC: 10    Str: 24    XL:     9   Next: 1%
Magic:  10/10      EV: 10    Int:  8    God:    Okawaru [**....]
Gold:   310        SH: 11    Dex: 10    Spells: 0 memorised, 8 levels left

rFire  + . .     SeeInvis +     v - +0 battleaxe
rCold  . . .     Clarity  .     b - +0 scale mail
rNeg   . . .     SustAt   .     c - +0 shield
rPois  .         Gourm    .     (helmet unavailable)
rElec  .         Spirit   .     (no cloak)
rCorr  .         Warding  .     (no gloves)
rMut   .         Stasis   +     j - +2 pair of boots
MR     .....                    (no amulet)
Stlth  ..........               (no ring)
                                p - ring of protection from fire

@: not resistant to hostile enchantments, extremely unstealthy
A: permanent stasis, dig shafts and tunnels, four strong arms, antennae 3
a: Dig, Shaft Self, Heroism, Renounce Religion


You were on level 6 of the Dungeon.
You worshipped Okawaru.
Okawaru was pleased with you.
You were not hungry.

You visited 2 branches of the dungeon, and saw 7 of its levels.

You collected 310 gold pieces.

Inventory:

Hand Weapons
 o - a +0 hunting sling
 v - a +0 battleaxe (weapon)
Missiles
 q - 71 sling bullets
Armour
 b - a +0 scale mail (worn)
 c - a +0 shield (worn)
 j - a +2 pair of boots (worn)
Jewellery
 p - a ring of protection from fire (left hand)
Scrolls
 i - a scroll of amnesia
 r - 4 scrolls of remove curse
 u - a scroll of identify
Potions
 a - 2 potions of cure mutation {unknown}
 g - a potion of heal wounds
 h - a potion of degeneration {unknown}
 k - 2 potions of lignification {unknown}
 s - 4 potions of curing
 t - a potion of mutation {unknown}
Comestibles
 d - a chunk of flesh
 e - 3 bread rations
 f - 2 fruits
 l - 3 meat rations
 m - 3 beef jerkies
 n - a royal jelly


   Skills:
 * Level 6.0 Fighting
 * Level 5.3 Axes
 + Level 3.3 Slings
 + Level 4.7 Armour
 + Level 2.7 Dodging
 - Level 0.3 Stealth
 * Level 6.9 Shields
 - Level 2.0 Invocations


You had 8 spell levels left.
You didn't know any spells.

Dungeon Overview and Level Annotations

Branches:
Dungeon (6/15)             Temple (1/1) D:5

Altars:
Fedhas
Nemelex Xobeh
Okawaru
Ru

Shops:
D:5 (   D:6 (

Annotations:
D:6 Menkaure


Innate Abilities, Weirdness & Mutations

You are under a permanent stasis effect.
You can dig through walls and to a lower floor.
Your four strong arms can wield two-handed weapons with a shield.
You have a pair of large antennae on your head (SInv).


Message History

Menkaure hits you! Menkaure misses you.
You slice Menkaure!!
Menkaure is severely damaged.
You slash the white imp!
The white imp is heavily wounded.
Menkaure casts a spell at you. Pain shoots through your body!
You block the white imp's attack. Menkaure hits you!
* * * LOW HITPOINT WARNING * * *
You completely miss Menkaure.
Menkaure is severely damaged.
You hit the white imp.
The white imp is almost dead.
The white imp gestures at you. The puff of frost hits you!
* * * LOW HITPOINT WARNING * * *
You block Menkaure's attack. The white imp gestures at you.
The puff of frost hits you!
You die...

..#.# #.......#
..#.###.......####
.##.#.#..........### .
....#.#............ ..
.#..#.#..........# .#
.#..#...........# ..#
................# ...#
................##..####
###.#..#####....@M......
.##..#... #.....5..####
..#..#.... #...###..#
..##.#....##...# #..#
...#......'..... ...# .
...## ...##.?.###... .
....# . #.... ......#
....# #...###.###<# ..
....# ##.###.##...#


You could see Menkaure and a white imp.

Vanquished Creatures
  Pikel (D:5)
  The ghost of DoctorDestructo the Sneak, an amateur HaAs (D:3)
  An ice beast (D:6)
  An ogre (D:3)
  Blork the orc (D:5)
  A scorpion (D:5)
  A hound (D:6)
  An orc priest (D:4)
  5 worker ants
  An orc wizard (D:4)
  2 iguanas (D:4)
  9 adders
  5 gnolls
  A shadow imp (D:5)
  3 oozes
  An adder skeleton (D:4)
  2 worms
  2 giant geckos
  20 orcs
  8 bats
  5 giant cockroaches
  5 goblins
  6 hobgoblins
  15 jackals
  5 quokkas
  2 giant newts
  9 kobolds
  A quokka skeleton (D:5)
  6 rats
121 creatures vanquished.

Vanquished Creatures (others)
  A crimson imp (D:5)
  A quokka (D:5)
2 creatures vanquished.

Grand Total: 123 creatures vanquished

Notes
Turn   | Place    | Note
--------------------------------------------------------------
     0 | D:1      | shmeve the Formicid Fighter began the quest for the Orb.
     0 | D:1      | Reached XP level 1. HP: 18/18 MP: 1/1
    74 | D:1      | Reached XP level 2. HP: 24/24 MP: 2/2
   303 | D:1      | Reached XP level 3. HP: 28/30 MP: 3/3
   589 | D:2      | Found an iron altar of Okawaru.
   606 | D:2      | Reached skill level 4 in Fighting
   611 | D:2      | Became a worshipper of Warmaster Okawaru
   765 | D:2      | Reached XP level 4. HP: 34/37 MP: 4/4
   799 | D:2      | Found a sparkling altar of Nemelex Xobeh.
  1244 | D:2      | Reached XP level 5. HP: 43/43 MP: 5/5
  1470 | D:3      | Noticed DoctorDestructo's ghost (amateur HaAs)
  1475 | D:3      | Reached skill level 1 in Dodging
  1479 | D:3      | Killed DoctorDestructo's ghost
  1479 | D:3      | Reached skill level 1 in Invocations
  1479 | D:3      | Reached XP level 6. HP: 45/49 MP: 5/7
  1604 | D:3      | Noticed an ogre
  1611 | D:3      | Killed an ogre
  1611 | D:3      | Reached skill level 5 in Shields
  1797 | D:3      | Reached * piety under Okawaru
  2386 | D:4      | Reached XP level 7. HP: 46/55 MP: 5/8
  2395 | D:4      | Reached skill level 5 in Fighting
  2567 | D:4      | Found a blossoming altar of Fedhas.
  2586 | D:4      | Reached skill level 1 in Slings
  3148 | D:5      | Entered Level 5 of the Dungeon
  3239 | D:5      | Noticed Blork the orc
  3241 | D:5      | Noticed Pikel
  3247 | D:5      | Killed Blork the orc
  3247 | D:5      | Reached XP level 8. HP: 60/62 MP: 6/9
  3261 | D:5      | Killed Pikel
  3261 | D:5      | Reached skill level 5 in Axes
  3261 | D:5      | Reached skill level 6 in Shields
  3306 | D:5      | Found Aqovi's Antique Weapon Shoppe.
  3447 | D:5      | Found a staircase to the Ecumenical Temple.
  3615 | Temple   | Entered the Ecumenical Temple
  3661 | D:6      | Reached ** piety under Okawaru
  3673 | D:6      | Found a sacrificial altar of Ru.
  3747 | D:6      | Reached XP level 9. HP: 49/69 MP: 10/10
  3807 | D:6      | Found Miagerov's Weapon Emporium.
  3882 | D:6      | Noticed Menkaure
  3889 | D:6      | HP: 2/69 [white imp/puff of frost (3)]
  3889 | D:6      | Killed from afar by a white imp

Action                   |  1- 3 |  4- 6 |  7- 9 || total
-------------------------+-------+-------+-------++-------
Melee: War axe           |    66 |   125 |   113 ||   304
       Battleaxe         |       |       |    63 ||    63
Invok: Heroism           |       |     1 |     1 ||     2
  Use: Potion            |       |     1 |       ||     1
       Scroll            |       |    11 |     4 ||    15
  Eat: Chunk             |       |     4 |     6 ||    10
